 Dungeon Crawl Stone Soup version 0.31-a0-188-g5e087ee2ca (webtiles) character file.

Game seed: 17144842966496761201

42 qw the Shooter (level 3, -3/20 HPs)
             Began as a Deep Elf Hunter on June 23, 2023.
             Slain by a worm (5 damage)
             ... on level 2 of the Dungeon.
             The game lasted 00:00:29 (1634 turns).

qw the Shooter (Deep Elf Hunter)                    Turns: 1634, Time: 00:00:30

Health: -3/20      AC:  6    Str: 14    XL:     3   Next: 35%
Magic:  5/5        EV: 10    Int: 13    God:
Gold:   71         SH:  0    Dex: 20    Spells: 2/2 levels left

rFire   . . .        Y - +0 shortbow
rCold   . . .        (shield currently unavailable)
rNeg    . . .        a - +0 scale mail
rPois   .            (no helmet)
rElec   .            (no cloak)
rCorr   .            (no gloves)
SInv    .            (no boots)
Will    .....        (no amulet)
Stlth   +            g - +6 ring of strength
HPRegen 0.23/turn    (no ring)
MPRegen 0.09/turn

%: no passive effects
@: lethally poisoned (-3 -> -5), about to teleport
A: no striking features
a: no special abilities


You were on level 2 of the Dungeon.
You visited 1 branch of the dungeon, and saw 3 of its levels.

You collected 99 gold pieces.
You spent 28 gold pieces at shops.


   Skills:
 - Level 1.5 Fighting
 + Level 6.9 Ranged Weapons
 - Level 2.4 Dodging
 - Level 1.2 Stealth


You had 2 spell levels left.
You didn't know any spells.
Your spell library was empty.

Inventory:

Hand Weapons
 Y - a +0 shortbow (weapon)
Armour
 a - a +0 scale mail (worn)
Jewellery
 g - a +6 ring of strength (left hand)
Scrolls
 d - a scroll of identify
Potions
 h - a potion of curing {unknown}
 i - a potion of ambrosia {unknown}

Dungeon Overview and Level Annotations

Branches:
Dungeon (3/15)

Altars:
Ashenzari

Shops:
D:2 (?:!(


Message History

The adder hisses angrily.
The arrow hits the worm!
The worm is moderately wounded.
The orc priest invokes the aid of Beogh against you.
Beogh smites you!
Ouch! That really hurt!
1565 ||| STAIRDANCE You climb upwards.
There is a stone staircase leading down here.
Enter note:
Enter note:
Enter note:
Enter note:
Enter note:
Enter note:
Enter note:
Enter note:
Enter note: You start resting.
HP restored.
Done exploring.
(D) Dungeon
Where to? (* - list waypoints, Enter - D:3, ? - help)
What level of the Dungeon? (default 1, ? - help)
You climb downwards.
The adder bites you but does no damage. The orc hits you with a +0 dagger.
The adder bites you.
You are poisoned.
The adder poisons you! The worm bites you.
The orc hits you but does no damage. x2
There is a stone staircase leading up here.
1632 ||| STAIRDANCE You feel sick.
The adder bites you but does no damage.
The orc hits you from afar with a +0 trident.
The orc hits you with a +0 dagger. The adder bites you but does no damage.
You climb upwards.
You feel sick.
There is a stone staircase leading down here.
1634 ||| READING scroll of teleportation.
As you read the scroll of teleportation, it crumbles to dust.
You feel strangely unstable.
You feel sick. The adder bites you but does no damage. The worm bites you.
You die...

......####..#
#.).[......### #####.#
##.### #.##...##### #.#
#...# ###.#...## #.# ###.#
#......## #.# #.# #.~~~..#
#.# #.## #.~\~..# #####.#
#..###.~~~..# #.....#
#..o#......## #.....#
#...@w###### #.....#
#...S## #.....# #....#
#.....#######....##########
#..........##....#........#
.....#####.##....#........#
.........#.##....#........#
.....###.#[......#........#
....## #.#.#.##..#........#


You could see a worm, an adder and an orc.

Vanquished Creatures
  2 worms (D:2)
  An orc (D:3)
  3 ball pythons
  3 bats
  6 endoplasms
  2 giant cockroaches (D:1)
  4 goblins
  2 hobgoblins
  3 quokkas
  2 frilled lizards (D:1)
  3 rats
31 creatures vanquished.

Notes
Turn   | Place    | Note
-------+----------+-------------------------------------------
     0 | D:1      | qw the Deep Elf Hunter began the quest for the Orb.
     0 | D:1      | Reached XP level 1. HP: 12/12 MP: 3/3
     0 | D:1      | 0 ||| qw: Version: 0.3-a-9-g12657ce
     0 | D:1      | 0 ||| qw: Game counter: 4219
     0 | D:1      | 0 ||| qw: Always use a shield: true
     0 | D:1      | 0 ||| qw: God list: Okawaru
     0 | D:1      | 0 ||| qw: Allow faded altars: false
     0 | D:1      | 0 ||| qw: Do Orc after D:15 true
     0 | D:1      | 0 ||| qw: Do second Lair branch before Depths: true
     0 | D:1      | 0 ||| qw: Lair rune preference: random
     0 | D:1      | 0 ||| qw: Plans: Normal
     0 | D:1      | 0 ||| PLANNING D:1-11
   157 | D:1      | Reached XP level 2. HP: 16/16 MP: 4/4
   282 | D:1      | Reached skill level 6 in Ranged Weapons
   814 | D:1      | 814 ||| UPGRADING to +6 ring of strength.
   815 | D:1      | 815 ||| READING scroll labelled GEDUAG ESOSS.
   816 | D:1      | 816 ||| READING scroll labelled IGAPLU PEIF.
   817 | D:1      | 817 ||| READING scroll labelled HECIGI EROUGU.
   818 | D:1      | 818 ||| READING scroll labelled OMNUUPH HAOREI.
   849 | D:1      | 849 ||| DROPPING scroll of butterflies.
   882 | D:2      | Found Zautaam's Weapon Emporium.
   889 | D:2      | 889 ||| SHOPLISTING +0 orcbow (49 gold, have 6).
   908 | D:2      | Found Cohutz's Distillery.
   915 | D:2      | 915 ||| SHOPLISTING 2 potions of cancellation (192 gold,
                  | have 6).
   915 | D:2      | 915 ||| SHOPLISTING 2 potions of mutation (192 gold, have
                  | 6).
   915 | D:2      | 915 ||| SHOPLISTING potion of curing (36 gold, have 6).
   915 | D:2      | 915 ||| SHOPLISTING potion of haste (120 gold, have 6).
   915 | D:2      | 915 ||| SHOPLISTING potion of heal wounds (60 gold, have
                  | 6).
   915 | D:2      | 915 ||| SHOPLISTING potion of might (48 gold, have 6).
   955 | D:2      | Found a broken altar of Ashenzari.
   993 | D:2      | Reached XP level 3. HP: 20/20 MP: 5/5
   997 | D:2      | Found Plog's Book Boutique.
  1206 | D:2      | Found Bim Cih's Magic Scroll Shop.
  1218 | D:2      | 1218 ||| SHOPLISTING scroll of acquirement (728 gold, have
                  | 28).
  1218 | D:2      | 1218 ||| BUYING scroll of identify (28 gold).
  1218 | D:2      | Bought a scroll of identify for 28 gold pieces
  1218 | D:2      | 1218 ||| SHOPLISTING scroll of identify (28 gold, have 0).
  1218 | D:2      | 1218 ||| SHOPLISTING scroll of teleportation (42 gold, have
                  | 0).
  1218 | D:2      | Found Jite's Antique Weapon Shop.
  1249 | D:2      | 1249 ||| SHOPLISTING glowing arbalest (202 gold, have 33).
  1419 | D:2      | 1419 ||| UPGRADING to +0 scale mail.
  1429 | D:2      | 1429 ||| DROPPING +0 leather armour.
  1430 | D:2      | 1430 ||| READING 2 scrolls labelled UCENASE HEUD BACOJ.
  1433 | D:2      | 1433 ||| DRINKING 2 silvery potions.
  1537 | D:2      | 1537 ||| READING 2 scrolls of identify.
  1537 | D:2      | 1537 ||| IDENTIFYING brown potion
  1538 | D:2      | 1538 ||| DROPPING potion of brilliance.
  1539 | D:2      | 1539 ||| DROPPING potion of berserk rage.
  1564 | D:3      | HP: 5/20 [orc priest/divine providence (15)]
  1565 | D:3      | 1565 ||| STAIRDANCE
  1632 | D:3      | 1632 ||| STAIRDANCE
  1632 | D:3      | HP: 5/20 [orc/+0 trident (5)]
  1634 | D:2      | 1634 ||| READING scroll of teleportation.
  1634 | D:2      | HP: 2/20 [poisoned by an adder]
  1634 | D:2      | Slain by a worm

Levels and vault maps discovered:
D:1:      dpeg_arrival_rhombi, layout_basic
D:2:      layout_basic, basic_altar, serial_shops, nicolae_diamond_shop,
          nicolae_shop_industrial_runoff, shop, shop, shop_coins
D:3:      layout_rooms, mainiacjoe_overflow_tiny_flanked,
          mainiacjoe_overflow_catwalk_spiral, biasface_ghost_orc_armoury,
          minmay_misc_feat_nine_boxes, hangedman_decor_riveting

Skill      XL: |  1  2 |
---------------+-------+-----
Ranged Weapons | 6 |  6.9
Fighting       | |  1.5
Dodging        | |  2.4
Stealth        | |  1.2

Action                     || total
---------------------------++-------
   Fire: Shortbow          ||    86
    Use: Scroll            ||     7
         Potion            ||     1
 Armour: Leather armour    ||     7
         Scale mail        ||     6
  Dodge: Dodged            ||     5

Table legend:
 A = Non-vault XP
 B = Vault XP
 C = Vault XP percentage of total XP
 D = Non-vault monster count
 E = Vault monster count
 F = Vault count percentage of total count
                 A         B        C        D         E       F
            +---------+---------+-------+---------+---------+-------
      Total |      61 |       0 |   0.0 |      31 |       0 |   0.0
            +---------+---------+-------+---------+---------+-------
        D:1 |      32 |       0 |   0.0 |      18 |       0 |   0.0
        D:2 |      26 |       0 |   0.0 |      12 |       0 |   0.0
        D:3 |       3 |       0 |   0.0 |       1 |       0 |   0.0
            +---------+---------+-------+---------+---------+-------
